[Event "Early-Titled-Tuesday-Blitz-October-24-2023"]
[Site "Chess.com"]
[Date "2023.10.24"]
[Round "5"]
[White "c63_amg"]
[Black "ellatambien"]
[Result "1-0"]
[WhiteElo "2818"]
[BlackElo "2613"]
[TimeControl "180+1"]
[EndTime "8:54:42 PDT"]
[Termination "c63_amg won by resignation"]

1. e4 e5 2. Nf3 Nc6 3. d4 exd4 4.
Bc4 Nf6 5. e5 d5 6. Bb5 Ne4 7.
Nxd4 Bc5 8. Be3 O-O 9. Nxc6 bxc6 10. Bxc5 Nxc5 11. Bxc6 Rb8 12. Qxd5 Qe7 13. O-O Rxb2 14. Nc3 Rd8 15. Qf3 Ne6 16. Be4 Ng5 17. Qe3 Nxe4 18. Qxe4 Bb7 19. Qe3 Rxc2 20. Rac1 Rxc1 21. Rxc1 a6 22.
h3 h6 23. Na4 Rd5 24. Nc5 Bc8 25. f4 a5 26. Kh2 h5 27. Ne4 Bf5 28. Ng5 g6 29.
Qa7 Rd7 30. Qxa5 f6 31. exf6 Qxf6 32. Rxc7 Qd4 33. Rc8+ Kg7 34. Qe5+ Qxe5 35. fxe5 Rd2 36. Rc7+ Kf8 37. e6 Rxa2 38. Nh7+ Kg8 39. Nf6+ Kf8 40. e7+ Kf7 41. e8=Q+ Kxf6 42. Qf8+ 1-0

[Event "Early-Titled-Tuesday-Blitz-October-24-2023"]
[Site "Chess.com"]
[Date "2023.10.24"]
[Round "5"]
[White "AndresDelgado77"]
[Black "Millerkallpa"]
[Result "1-0"]
[WhiteElo "2358"]
[BlackElo "2043"]
[TimeControl "180+1"]
[EndTime "8:54:43 PDT"]
[Termination "AndresDelgado77 won by checkmate"]

1. e4 e5 2. Nc3 Nf6 3. d4 exd4 4. Qxd4 Nc6 5. Qc4 Bb4 6. Bd2 O-O 7. O-O-O Re8 8. f3 d6 9. g4 Be6 10. Qe2 Nd4 11. Qf2 c5 12. Nge2 Qa5 13. Nxd4 cxd4 14. Qxd4 Rec8 15. a3 Bxa3 16. Nd5 Qc5 17. Qxc5 Bxc5 18. Ne7+ Kf8 19. Nxc8 Rxc8 20. Bd3 Nd7 21.
Kb1 Ne5 22. Be2 Nc4 23. Bxc4 Bxc4 24. Bf4 Rc6 25. Rd2 Ke7 26. Re1 Bb4 27. c3 Bc5 28.
Be3 b6 29. f4 f6 30. h4 Bf7 31.
Bxc5 bxc5 32. f5 Bc4 33. g5 a5 34. Kc2 a4 35. Rg2 Rb6 36. Reg1 Bb3+ 37. Kc1 Bc4 38.
gxf6+ gxf6 39. Rg7+ Kf8 40. Rxh7 Bd3 41. Rg4 a3 42.
bxa3 Rb1+ 43. Kd2 c4 44. Rgg7 d5 45. Rb7 d4 46. Rh8# 1-0

[Event "Early-Titled-Tuesday-Blitz-October-24-2023"]
[Site "Chess.com"]
[Date "2023.10.24"]
[Round "5"]
[White "biostatistician"]
[Black "Flaccidmoves"]
[Result "0-1"]
[WhiteElo "2552"]
[BlackElo "2420"]
[TimeControl "180+1"]
[EndTime "8:54:45 PDT"]
[Termination "Flaccidmoves won by resignation"]

1. d4 Nf6 2. Nf3 g6 3. c4 Bg7 4.
Nc3 d5 5. cxd5 Nxd5 6. e4 Nxc3 7. bxc3 O-O 8. Be2 c5 9. O-O Nc6 10. Be3 Bg4 11. d5 Ne5 12. Nxe5 Bxe2 13. Nxf7 Bxd1 14. Nxd8 Be2 15. Rfe1 Bxc3 16. Ne6 Rfc8 17. Bxc5 Bxa1 18. Rxe2 Bd4 19. Nxd4 Rxc5 20. g4 b5 21. Kg2 a5 22.
Ne6 Rc4 23. h3 b4 24. e5 Kf7 25. Ng5+ Ke8 26. Nxh7 a4 27. Rb2 Rb8 28. Ng5 b3 29. axb3 axb3 30. Nf3 Rc2 31. Rb1 b2 32. Nh4 Rc1 33.
Rxb2 Rxb2 34. Nxg6 Rcc2 35. Kg3 Rxf2 36. h4 Rfd2 37. Nf4 Rb3+ 38. Nd3 Rbxd3+ 39. Kf4 Rxd5 0-1

[Event "Early-Titled-Tuesday-Blitz-October-24-2023"]
[Site "Chess.com"]
[Date "2023.10.24"]
[Round "5"]
[White "Kopytkin"]
[Black "mariaesthergranados"]
[Result "1-0"]
[WhiteElo "2386"]
[BlackElo "2125"]
[TimeControl "180+1"]
[EndTime "8:54:46 PDT"]
[Termination "Kopytkin won by checkmate"]

1. d4 Nf6 2. Bg5 e6 3. Nd2 h6 4. Bh4 Be7 5. e4 d5 6. e5 Nfd7 7. Bxe7 Qxe7 8. c3 c5 9. f4 Nc6 10. Ndf3 a6 11. Bd3 b5 12. Ne2 Bb7 13. O-O O-O-O 14. b3 f6 15. Kh1 c4 16. Bc2 fxe5 17.
fxe5 Rdf8 18. a4 b4 19. bxc4 dxc4 20. cxb4 Nxb4 21. a5 Nd5 22. Qc1 Qd8 23. Be4 Qc7 24.
Rb1 g5 25. Nc3 Bc6 26. Nxd5 Bxd5 27. Bxd5 exd5 28. Qa3 Qc6 29. Rb2 Kc7 30. Rfb1 Rb8 31. Qe7 c3 32. Rb6 Rxb6 33. axb6+ Kb7 34. e6 c2 35. Rc1 Rd8 36. Qxd8 Qxe6 37. Qc7+ Ka8 38. Qa7# 1-0

[Event "Early-Titled-Tuesday-Blitz-October-24-2023"]
[Site "Chess.com"]
[Date "2023.10.24"]
[Round "5"]
[White "Szparu"]
[Black "bardiya_Daneshvar"]
[Result "0-1"]
[WhiteElo "2699"]
[BlackElo "2968"]
[TimeControl "180+1"]
[EndTime "8:54:47 PDT"]
[Termination "bardiya_Daneshvar won on time"]

1. e4 e6 2. d4 d5 3. Nd2 a6 4. Bd3 c5 5. dxc5 Bxc5 6. Ngf3 Nc6 7. O-O Nge7 8. c3 O-O 9. exd5 exd5 10. Qc2 Ng6 11.
Nb3 Bd6 12. Bg5 Qc7 13. h3 h6 14. Be3 Nf4 15. Bxf4 Bxf4 16. Rad1 Rd8 17. Rfe1 Ne5 18.
Nxe5 Bxe5 19. Bh7+ Kh8 20. Bf5 Bf6 21. Bxc8 Raxc8 22. Qf5 Qc4 23. Re3 Qa4 24. Qb1 Kg8 25. Red3 Qb5 26. Nd4 Qb6 27. Nf5 Qe6 28. Ne3 Rc5 29. Re1 Qb6 30. Ng4 Bg5 31. Red1 h5 32. Ne5 Bf6 33. Nf3 Rb5 34. b3 g6 35. Nd4 Rc5 36.
Ne2 Qc7 37. Qc2 b5 38. Qd2 Re8 39. b4 Rc6 40. Rxd5 Qe7 41. Nf4 Bxc3 42. Qd3 Qe4 43. Qg3 Be5 0-1

[Event "Early-Titled-Tuesday-Blitz-October-24-2023"]
[Site "Chess.com"]
[Date "2023.10.24"]
[Round "5"]
[White "Akylbek2021"]
[Black "Bilan_Danila"]
[Result "0-1"]
[WhiteElo "2258"]
[BlackElo "2412"]
[TimeControl "180+1"]
[EndTime "8:54:47 PDT"]
[Termination "Bilan_Danila won by checkmate"]

1. d4 d5 2. Nf3 Nf6 3. c4 c6 4. e3 e6 5. Nc3 Nbd7 6. Be2 Bd6 7.
O-O O-O 8. b3 Ne4 9. Bb2 f5 10.
Rc1 Qf6 11. h3 Qh6 12. Nxe4 fxe4 13. Ne5 Nf6 14. Ng4 Qg5 15. Qd2 Nxg4 16. Bxg4 h5 17.
Be2 e5 18. f4 exf4 19. cxd5 Bxh3 20. Bc4 b5 21. dxc6+ bxc4 22. Rxc4 f3 23. d5 Bxg2 24. Rf2 Qh4 25. Rxg2 fxg2 26. Qxg2 Qe1+ 27. Qf1 Qxf1# 0-1

[Event "Early-Titled-Tuesday-Blitz-October-24-2023"]
[Site "Chess.com"]
[Date "2023.10.24"]
[Round "5"]
[White "abelmat"]
[Black "publicaccountcze"]
[Result "1-0"]
[WhiteElo "2009"]
[BlackElo "2308"]
[TimeControl "180+1"]
[EndTime "8:54:47 PDT"]
[Termination "abelmat won by checkmate"]

1. d4 Nf6 2. c4 c5 3. Nf3 cxd4 4. Nxd4 e5 5. Nf3 Nc6 6. g3 d6 7. Bg2 Be6 8. b3 h6 9. O-O Be7 10. Bb2 O-O 11. Nc3 a6 12. Nd5 Bxd5 13. cxd5 Nb8 14. Rc1 Nbd7 15. Bh3 Nh7 16. e4 Ng5 17. Nxg5 Bxg5 18.
Ba3 Bxc1 19. Qxc1 Rc8 20. Qe3 Qe7 21. Qa7 Rb8 22. Rc1 Nf6 23. Qe3 Rbc8 24. Rxc8 Rxc8 25.
Bxc8 Qc7 26. Bf5 Qc2 27. Bxd6 Nxd5 28. Qa7 Qd1+ 29. Kg2 Nc3 30. Qb8# 1-0

[Event "Early-Titled-Tuesday-Blitz-October-24-2023"]
[Site "Chess.com"]
[Date "2023.10.24"]
[Round "5"]
[White "dawid498"]
[Black "chess_blitz00"]
[Result "1-0"]
[WhiteElo "2686"]
[BlackElo "2494"]
[TimeControl "180+1"]
[EndTime "8:54:48 PDT"]
[Termination "dawid498 won on time"]

1. Nf3 Nf6 2. e3 e6 3. c4 Be7 4.
b3 O-O 5. Bb2 b6 6. Be2 Bb7 7.
O-O d5 8. d3 Nbd7 9. Nbd2 c5 10. a3 Re8 11. Rc1 Bf8 12. Rc2 e5 13. cxd5 Bxd5 14.
Qa1 Qb8 15. e4 Bb7 16. Nc4 Bd6 17. b4 Ba6 18. bxc5 bxc5 19. Rfc1 Bxc4 20. Rxc4 Nb6 21. R4c2 Nfd7 22. a4 a5 23. Bc3 h6 24. Qa2 Qd8 25.
g3 Qe7 26. Nh4 Qe6 27. Nf5 Qxa2 28. Rxa2 Bf8 29. f4 g6 30. Ne3 Bg7 31. f5 h5 32.
Kg2 Bh6 33. Bd2 Red8 34. Rb1 Rab8 35. Rb5 Na8 36. Nc4 Rxb5 37. axb5 Ndb6 38. Bxh6 Nxc4 39. dxc4 Nb6 40. Rxa5 Nd7 41. fxg6 fxg6 42. Bg5 1-0

[Event "Early-Titled-Tuesday-Blitz-October-24-2023"]
[Site "Chess.com"]
[Date "2023.10.24"]
[Round "5"]
[White "dianamirza"]
[Black "SlippperyWhenWet"]
[Result "0-1"]
[WhiteElo "2015"]
[BlackElo "2348"]
[TimeControl "180+1"]
[EndTime "8:54:48 PDT"]
[Termination "SlippperyWhenWet won on time"]

1. e4 a6 2. d4 e6 3. c4 g6 4. Nc3 Bg7 5. Nf3 Ne7 6. Bf4 d6 7. Be2 Nd7 8. O-O b6 9. Qd2 h6 10. e5 dxe5 11. dxe5 Bb7 12. Rad1 g5 13. Bg3 Ng6 14. Qe3 Qe7 15. Rfe1 O-O 16. Bd3 Bxf3 17.
Qxf3 Ndxe5 18. Bxe5 Nxe5 19. Rxe5 Bxe5 20. Qe4 f5 21. Qxe5 Rfd8 22. Bxf5 Rxd1+ 23. Nxd1 Re8 24. Bg6 Rd8 25. Ne3 Qd6 26. Qxd6 Rxd6 27. h3 Rd2 28. Nc2 Kg7 29. Be4 Re2 30. f3 Rd2 31. b4 c5 32.
b5 a5 33. a4 Kf6 34. g4 Ke5 35. Ne3 Kf4 36. Ng2+ Kg3 0-1

[Event "Early-Titled-Tuesday-Blitz-October-24-2023"]
[Site "Chess.com"]
[Date "2023.10.24"]
[Round "5"]
[White "ama18"]
[Black "svilson23"]
[Result "1-0"]
[WhiteElo "2529"]
[BlackElo "2273"]
[TimeControl "180+1"]
[EndTime "8:54:50 PDT"]
[Termination "ama18 won by resignation"]

1. Nf3 d5 2. g3 c6 3. Bg2 g6 4.
O-O Bg7 5. d4 f5 6. b3 e6 7. Bb2 Nd7 8. c4 Ngf6 9. Nc3 O-O 10. Rc1 Ne4 11. cxd5 exd5 12. b4 a6 13. a4 Qb6 14. Qb3 Nd6 15. e3 Nc4 16. Ba1 Re8 17. Rfd1 Nf6 18. Bf1 Be6 19. Ng5 Nd6 20. Nxe6 Rxe6 21.
b5 axb5 22. axb5 Nfe4 23. Rb1 Nxc3 24. Bxc3 Bf8 25. bxc6 Qxb3 26. Rxb3 bxc6 27. Be1 Ra2 28. Rc1 Ne4 29. f3 Nd2 30. Bxd2 Rxd2 31. h4 Kf7 32.
Rbc3 Bb4 33. Rb3 Be7 34. Ba6 h6 35. Bc8 Rd6 36. Bb7 Re6 37. Bxc6 Re2 38. Bxd5 1-0

[Event "Early-Titled-Tuesday-Blitz-October-24-2023"]
[Site "Chess.com"]
[Date "2023.10.24"]
[Round "5"]
[White "profedechess93"]
[Black "Harry_Rakkel"]
[Result "0-1"]
[WhiteElo "2599"]
[BlackElo "2708"]
[TimeControl "180+1"]
[EndTime "8:54:51 PDT"]
[Termination "Harry_Rakkel won by checkmate"]

1. e4 c5 2. Nf3 d6 3. Bb5+ Bd7 4.
Bxd7+ Nxd7 5. O-O Ngf6 6. Qe2 e6 7. b3 Be7 8. Bb2 O-O 9. d4 cxd4 10. Nxd4 a6 11. c4 Qa5 12. Nc3 Rfd8 13. f4 Rac8 14. Kh1 Qh5 15. Rf3 Ne8 16. Raf1 Bf6 17. Rd1 g6 18. h3 Bg7 19. g4 Qc5 20. Rfd3 Ndf6 21.
Na4 Qc7 22. Nf3 b5 23. cxb5 axb5 24. Nc3 Qb7 25. e5 b4 26. Na4 Nd5 27. Qe4 Qa6 28. R1d2 dxe5 29. fxe5 Rc7 30. Nd4 Rdc8 31. Kh2 Bh6 32.
Rf2 Be3 33. Rf3 Bc1 34. Bxc1 Rxc1 35. Kg3 Rg1+ 36. Kh4 Rcc1 37. Nf5 exf5 38. gxf5 g5+ 39. Kh5 Ng7# 0-1

[Event "Early-Titled-Tuesday-Blitz-October-24-2023"]
[Site "Chess.com"]
[Date "2023.10.24"]
[Round "5"]
[White "Kostukov_Alex"]
[Black "IMRosen"]
[Result "0-1"]
[WhiteElo "2422"]
[BlackElo "2572"]
[TimeControl "180+1"]
[EndTime "8:54:51 PDT"]
[Termination "IMRosen won by resignation"]

1. g3 h5 2. Nf3 h4 3. Nxh4 Rxh4 4. gxh4 e5 5. d4 Qxh4 6. dxe5 Bc5 7. e3 Nc6 8. Rg1 Nxe5 9. Rxg7 Nf6 10. Rg3 d6 11.
Nc3 Qxh2 12. Nd5 Nfg4 13. Qe2 Kd8 14. Rh3 Qg1 15. Rg3 Qh1 16. Rh3 Qxd5 17. Rh8+ Ke7 18. e4 Qd4 19. f3 Nxf3+ 20. Qxf3 Qxh8 21. Bg5+ f6 22. Bf4 Qh4+ 23. Kd2 Qf2+ 24. Be2 Qxf3 25. Bxf3 Ne5 26. Be2 Be6 27. Rh1 Rf8 28. Rh7+ Rf7 29.
Rh8 Ng6 30. Rc8 Nxf4 31. Rxc7+ Kf8 32. Rxf7+ Kxf7 33. Bb5 a6 0-1

[Event "Early-Titled-Tuesday-Blitz-October-24-2023"]
[Site "Chess.com"]
[Date "2023.10.24"]
[Round "5"]
[White "Pumpkin_in_moonlight"]
[Black "WPWPWP-2015"]
[Result "0-1"]
[WhiteElo "2361"]
[BlackElo "2559"]
[TimeControl "180+1"]
[EndTime "8:54:51 PDT"]
[Termination "WPWPWP-2015 won on time"]

1. e4 e5 2. Nf3 Nc6 3. Bc4 Bc5 4. O-O d6 5. d3 Be6 6. Bxe6 fxe6 7. Ng5 Qf6 8. Qh5+ g6 9. Qg4 Nd8 10. Be3 Nh6 11.
Qg3 O-O 12. Nd2 Nhf7 13. Nh3 Bxe3 14. fxe3 Qe7 15. Rf2 Nh6 16. Raf1 Ndf7 17. Nf3 a5 18. Nhg5 Nxg5 19. Nxg5 Rxf2 20. Rxf2 Rf8 21. Rxf8+ Kxf8 22. Qh4 Kg7 23. Qg3 Qf6 24. h4 Nf7 25. Nxf7 Qxf7 26.
h5 a4 27. Qg5 Qd7 28. h6+ Kf7 29. Qg3 Qe7 30. Kh2 b5 31. Qe1 Qg5 32. Qf2+ Ke7 33.
Kg1 Qxh6 34. c3 Qh5 0-1

[Event "Early-Titled-Tuesday-Blitz-October-24-2023"]
[Site "Chess.com"]
[Date "2023.10.24"]
[Round "5"]
[White "randomo"]
[Black "Let_it_be_1"]
[Result "1/2-1/2"]
[WhiteElo "2277"]
[BlackElo "2566"]
[TimeControl "180+1"]
[EndTime "8:54:51 PDT"]
[Termination "Game drawn by repetition"]

1. e4 e6 2. d4 d5 3. Nc3 Nf6 4. Bg5 dxe4 5. Nxe4 Be7 6. Bxf6 Bxf6 7. Nf3 O-O 8. Bc4 b6 9. Qe2 Bb7 10. O-O-O Nd7 11.
h4 Be7 12. Neg5 Nf6 13. Ne5 Bd5 14. Bd3 h6 15. Kb1 c5 16. c4 Bb7 17. dxc5 Qc7 18. c6 Bxc6 19. Nxc6 Qxc6 20. Ne4 Rad8 21. g4 Nxe4 22. Bxe4 Qc5 23. f4 Rxd1+ 24. Rxd1 Bxh4 25.
g5 Bxg5 26. fxg5 Qxg5 27. a3 Rd8 28. Rxd8+ Qxd8 29. Bc2 Qe7 30. Qe4 f5 31. Qc6 Kf7 32. b4 g5 33. c5 g4 34. Bb3 h5 35. cxb6 axb6 36. Qxb6 h4 37. Qf2 Kg6 38. Qe3 h3 39. Bxe6 Kf6 40. Qh6+ Ke5 41. Bb3 Qd6 42. Qe3+ Kf6 43. Qh6+ Ke5 44. Qe3+ Kf6 45. Qh6+ Ke5 1/2-1/2

[Event "Early-Titled-Tuesday-Blitz-October-24-2023"]
[Site "Chess.com"]
[Date "2023.10.24"]
[Round "5"]
[White "MatthewG-p4p"]
[Black "meoluoi91"]
[Result "1-0"]
[WhiteElo "2809"]
[BlackElo "2597"]
[TimeControl "180+1"]
[EndTime "8:54:52 PDT"]
[Termination "MatthewG-p4p won by checkmate"]

1. e4 c6 2. d4 d5 3. exd5 cxd5 4. Bd3 Nf6 5. h3 Nc6 6. c3 e5 7. dxe5 Nxe5 8. Qe2 Qe7 9. Bc2 Nc6 10. Nf3 Qxe2+ 11.
Kxe2 Bc5 12. Re1 O-O 13. Kf1 d4 14. Bg5 Nd7 15. b4 Bb6 16. b5 Na5 17. cxd4 h6 18. Be7 Re8 19. Nc3 Nc4 20. Bb3 Ba5 21. Rac1 Ndb6 22.
Re2 Bd7 23. a4 Be6 24. Bc5 Rec8 25. Ne4 Bd5 26. Kg1 Kh8 27. Ng3 Bxf3 28. gxf3 Nd2 29. Bxf7 Nxa4 30. Bd5 Nxc5 31. dxc5 Rab8 32. Nf5 Rd8 33.
Nd6 b6 34. Nf7+ Kh7 35. Nxd8 Rxd8 36. c6 Rxd5 37. c7 Nxf3+ 38. Kh1 Rh5 39. c8=Q Ng5 40. Qf5+ g6 41. Re7+ Kg8 42. Rc8# 1-0

[Event "Early-Titled-Tuesday-Blitz-October-24-2023"]
[Site "Chess.com"]
[Date "2023.10.24"]
[Round "5"]
[White "CraiggoryC"]
[Black "ssgm49"]
[Result "1-0"]
[WhiteElo "2222"]
[BlackElo "1811"]
[TimeControl "180+1"]
[EndTime "8:54:53 PDT"]
[Termination "CraiggoryC won on time"]

1. e4 c5 2. Nf3 e6 3. d4 cxd4 4. Nxd4 Nf6 5. Nc3 Nc6 6. Ndb5 Bc5 7. Bf4 O-O 8. Bc7 Qe7 9. Bd6 Bxd6 10. Qxd6 Qd8 11.
Qg3 d5 12. O-O-O a6 13. Nc7 Nh5 14. Qf3 Qxc7 15. exd5 exd5 16. Qxh5 d4 17. Nd5 Qd6 18. Nb6 Rb8 19. Bd3 g6 20. Qh6 Be6 21.
Nc4 Qc5 22. Nd2 Nb4 23. Ne4 Qe7 24. Ng5 f6 25. Nxe6 Qxe6 26. Rhe1 Qxa2 27. Re7 1-0

[Event "Early-Titled-Tuesday-Blitz-October-24-2023"]
[Site "Chess.com"]
[Date "2023.10.24"]
[Round "5"]
[White "noblerone"]
[Black "nitpicker"]
[Result "1-0"]
[WhiteElo "2524"]
[BlackElo "2257"]
[TimeControl "180+1"]
[EndTime "8:54:55 PDT"]
[Termination "noblerone won on time"]

1. d4 Nf6 2. Nf3 b6 3. Bg5 d5 4.
Nbd2 Nbd7 5. e3 Bb7 6. Bd3 g6 7. c3 Bg7 8. O-O O-O 9. a4 a6 10. h3 c5 11. Qe2 Ne4 12. Bh4 f5 13. Ng5 Nxg5 14. Bxg5 h6 15. Bf4 e5 16. dxe5 Nxe5 17.
Bc2 Qf6 18. Nf3 Nd7 19. Rad1 g5 20. Bg3 Rae8 21. Qd2 d4 22. exd4 Bxf3 23. gxf3 f4 24. Bh2 cxd4 25. cxd4 Qe6 26. Kg2 Qd5 27. Qd3 Qd6 28.
Qh7+ Kf7 29. Bb3+ Kf6 30. Rfe1 Rxe1 31. Rxe1 Rh8 32. Qe4 Bf8 33. h4 gxh4 34. Bxf4 1-0

[Event "Early-Titled-Tuesday-Blitz-October-24-2023"]
[Site "Chess.com"]
[Date "2023.10.24"]
[Round "5"]
[White "AljoschaFeuerstack"]
[Black "GiorgianBarbosa"]
[Result "1-0"]
[WhiteElo "2621"]
[BlackElo "2407"]
[TimeControl "180+1"]
[EndTime "8:54:55 PDT"]
[Termination "AljoschaFeuerstack won on time"]

1. Nf3 Nf6 2. g3 e6 3. Bg2 d5 4.
O-O Be7 5. c4 O-O 6. b3 c6 7.
Bb2 a5 8. d3 b6 9. Nbd2 Bb7 10.
Rc1 Re8 11. Ne5 Nfd7 12. Nef3 Nf6 13. Nd4 Bf8 14. N2f3 e5 15. Nf5 d4 16. Qd2 h6 17. e3 c5 18. exd4 cxd4 19. N3h4 Bxg2 20. Kxg2 Nbd7 21. f4 Bb4 22. Qd1 e4 23. Nxd4 Nc5 24.
dxe4 Rxe4 25. Nhf5 Qe8 26. Qf3 Rd8 27. Rc2 Ne6 28.
Nxe6 Qxe6 29. g4 Nh7 30. Nxg7 Qe7 31. Nf5 Qe6 32. Nxh6+ Kf8 33. Nf5 Nf6 34. Bxf6 1-0

[Event "Early-Titled-Tuesday-Blitz-October-24-2023"]
[Site "Chess.com"]
[Date "2023.10.24"]
[Round "5"]
[White "OK97"]
[Black "ArmanGhevondyanchess"]
[Result "1-0"]
[WhiteElo "2780"]
[BlackElo "2539"]
[TimeControl "180+1"]
[EndTime "8:54:56 PDT"]
[Termination "OK97 won by resignation"]

1. c4 Nf6 2. Nf3 g6 3. b4 Bg7 4. Bb2 O-O 5. e3 d5 6. cxd5 Qxd5 7. Nc3 Qf5 8. Be2 Rd8 9. O-O c6 10. Qc1 e5 11. d3 Nd5 12. e4 Nxc3 13. Qxc3 Qe6 14.
Nxe5 Nd7 15. d4 Nxe5 16. dxe5 Qe7 17. f4 a5 18. a3 axb4 19. axb4 Rxa1 20. Bxa1 Qc7 21.
h3 Re8 22. Bc4 Be6 23. Bxe6 Rxe6 24. Rd1 Re8 25. Qd4 Ra8 26. Bc3 h5 27. f5 Re8 28.
f6 Bf8 29. Kh1 c5 30. Qc4 b5 31. Qxb5 Rb8 32. Qc4 Qc6 33. bxc5 Qxc5 34. Qxc5 Bxc5 35. g4 hxg4 36. hxg4 Re8 37. Rd5 Be3 38. Kg2 Bf4 39. Kf3 Bh2 40. Bd4 g5 41. e6 Rxe6 42. Rxg5+ Kf8 43.
Rh5 Ke8 44. Rxh2 Kd7 1-0

[Event "Early-Titled-Tuesday-Blitz-October-24-2023"]
[Site "Chess.com"]
[Date "2023.10.24"]
[Round "5"]
[White "InitiatingASC"]
[Black "Verony64"]
[Result "1-0"]
[WhiteElo "2334"]
[BlackElo "2180"]
[TimeControl "180+1"]
[EndTime "8:54:57 PDT"]
[Termination "InitiatingASC won on time"]

1. e4 e5 2. Nf3 d6 3. d4 Nd7 4. Nc3 c6 5. dxe5 dxe5 6. Bg5 Be7 7. Qd2 Ngf6 8. O-O-O Qc7 9. Kb1 O-O 10. Nh4 Nc5 11.
f3 Rd8 12. Qe3 Rxd1+ 13. Nxd1 Ne6 14. Nf5 Bc5 15. Qc1 Nxg5 16. Qxg5 Bxf5 17. Qxf5 Rd8 18.
Bc4 b5 19. Bb3 a5 20. a4 b4 21. Qg5 h6 22. Qc1 Qd7 23. Ne3 Bxe3 24. Qxe3 Qd2 25. Qb6 Rd6 26. Rc1 Qxg2 27. Qb8+ Kh7 28. Qxd6 Qxf3 29.
Qxe5 Nxe4 30. Qxa5 Nd2+ 31. Ka2 Qf4 32. Rd1 Qxh2 33.
Qf5+ Kg8 34. Qxf7+ Kh7 35. Qf5+ 1-0

[Event "Early-Titled-Tuesday-Blitz-October-24-2023"]
[Site "Chess.com"]
[Date "2023.10.24"]
[Round "5"]
[White "KorolDimitriy75"]
[Black "IsaqueGoncalvesSanto"]
[Result "1-0"]
[WhiteElo "2335"]
[BlackElo "1822"]
[TimeControl "180+1"]
[EndTime "8:54:58 PDT"]
[Termination "KorolDimitriy75 won by checkmate"]

1. d4 e6 2. c4 d5 3. Nc3 c6 4.
e3 f5 5. f4 Nf6 6. Nf3 Be7 7.
Be2 O-O 8. O-O Nbd7 9. Ne5 Ne4 10. Nxe4 fxe4 11. Bd2 Nxe5 12. fxe5 Bd7 13. Qb3 Qb6 14.
Rac1 Qxb3 15. axb3 a5 16. Ra1 b6 17. Rfc1 Bb4 18.
Bc3 Rfc8 19. Ra2 Bxc3 20. bxc3 Rf8 21. Rca1 Rf7 22. b4 Raf8 23. bxa5 bxa5 24. c5 Rf2 25. Re1 h6 26. Rxa5 Kh7 27. Ra7 Be8 28. h3 Kg6 29. Re7 Kg5 30. Rxe6 Bd7 31. Re7 Bc8 32.
Rxg7+ Kh4 33. Rg6 h5 34. Kh2 Bf5 35. Rg7 Bc8 36. Rf1 Rxf1 37. g3# 1-0

[Event "Early-Titled-Tuesday-Blitz-October-24-2023"]
[Site "Chess.com"]
[Date "2023.10.24"]
[Round "5"]
[White "SaqoChess_Twitch"]
[Black "victormago"]
[Result "1-0"]
[WhiteElo "2577"]
[BlackElo "2425"]
[TimeControl "180+1"]
[EndTime "8:54:59 PDT"]
[Termination "SaqoChess_Twitch won by resignation"]

1. d4 Nf6 2. c4 c5 3. d5 e6 4. Nc3 exd5 5. cxd5 d6 6. Nf3 g6 7. Bf4 a6 8. a4 Bg7 9. e3 O-O 10. Be2 Re8 11. O-O Nbd7 12. Nd2 Ne5 13. h3 Nfd7 14. Bh2 f5 15. f4 Nf7 16. Nc4 Nb6 17. Qd2 Nxc4 18.
Bxc4 Qa5 19. Kh1 Bd7 20. Rfe1 Qb4 21. Bf1 b5 22. e4 fxe4 23. axb5 e3 24. Rxe3 Rxe3 25.
Qxe3 Qxb2 26. Rxa6 Re8 27. Ne4 Qb1 28. Qd3 Qxd3 29. Bxd3 c4 30. Bc2 Bf5 31. b6 Rb8 32. g4 Bxe4+ 33. Bxe4 Bd4 34. Ra4 Rxb6 35. Rxc4 Bc5 36.
Bg1 Bxg1 37. Kxg1 Rb3 38. Kg2 Rb2+ 39. Kg3 g5 40. Rc8+ Kg7 41. Rc7 gxf4+ 42. Kxf4 Rf2+ 43. Kg3 Rf6 44. Bf5 h5 45. Be6 hxg4 46. Kxg4 Rg6+ 47. Kf4 Rf6+ 48. Ke4 Kg6 49. Rxf7 Rxf7 50. Bxf7+ Kxf7 51. Kf5 1-0

[Event "Early-Titled-Tuesday-Blitz-October-24-2023"]
[Site "Chess.com"]
[Date "2023.10.24"]
[Round "5"]
[White "gpsji27"]
[Black "Ducke13"]
[Result "1/2-1/2"]
[WhiteElo "2287"]
[BlackElo "2449"]
[TimeControl "180+1"]
[EndTime "8:54:59 PDT"]
[Termination "Game drawn by repetition"]

1. d4 Nf6 2. Nf3 g6 3. Nc3 d5 4.
Bf4 c6 5. e3 Nh5 6. Be5 f6 7.
Bg3 Nd7 8. Bd3 Bg7 9. Qe2 b5 10. a3 a5 11. e4 Bb7 12. exd5 b4 13. dxc6 Bxc6 14. axb4 axb4 15. Rxa8 Qxa8 16. Nd1 Nxg3 17. hxg3 Kf7 18. O-O Re8 19. Bc4+ Bd5 20. Ne3 Bxc4 21. Qxc4+ e6 22. Qxb4 Rb8 23. Qd6 Qb7 24. b3 Bf8 25.
Qf4 Kg7 26. Nc4 Qd5 27. Re1 Rc8 28. Qe3 Kf7 29. g4 Rc6 30. g5 Bg7 31. gxf6 Bxf6 32. Nfe5+ Nxe5 33. dxe5 Bg7 34. Qf4+ Kg8 35. Nd6 Rc7 36.
c4 Qa5 37. Rd1 Rd7 38. Qe4 Bxe5 39. f4 Rxd6 40. Rxd6 Bxd6 41. Qxe6+ Kg7 42. Qxd6 Qe1+ 43. Kh2 Qh4+ 44. Kg1 Qe1+ 45. Kh2 Qh4+ 46. Kg1 Qe1+ 1/2-1/2

[Event "Early-Titled-Tuesday-Blitz-October-24-2023"]
[Site "Chess.com"]
[Date "2023.10.24"]
[Round "5"]
[White "Hasangatin_Ramil"]
[Black "GMWSO"]
[Result "0-1"]
[WhiteElo "2723"]
[BlackElo "3068"]
[TimeControl "180+1"]
[EndTime "8:55:00 PDT"]
[Termination "GMWSO won on time"]

1. e4 c6 2. d4 d5 3. Nd2 dxe4 4.
Nxe4 Nf6 5. Nxf6+ exf6 6. Nf3 Bd6 7.
Bd3 O-O 8. O-O Re8 9. c3 Bg4 10. h3 Bh5 11. Bf5 Nd7 12. Bg4 Bxg4 13. hxg4 Qc7 14.
Re1 Nf8 15. Bd2 Qd7 16. Nh4 Rxe1+ 17. Bxe1 Re8 18. Nf5 Bb8 19. Qf3 g6 20. Ng3 Bxg3 21.
Qxg3 Re2 22. b3 Qe7 23. Kf1 Qe4 24. Qf3 Qxf3 25. gxf3 Rc2 26. c4 Ne6 27. d5 cxd5 28. cxd5 Nf4 29. Rd1 Kf8 30. Bb4+ Ke8 31. Re1+ Kd8 32. Be7+ Kd7 33. d6 Nd5 34. a4 Rc3 35. Bf8 Rxf3 36. Rd1 Ne3+ 37. Ke2 Nxd1 38. Kxf3 Nc3 39.
Ke3 Nd5+ 40. Kd4 Nf4 41. Bh6 Nh3 42. f3 Kxd6 43. Bg7 Ng5 0-1

[Event "Early-Titled-Tuesday-Blitz-October-24-2023"]
[Site "Chess.com"]
[Date "2023.10.24"]
[Round "5"]
[White "DTChess"]
[Black "the_chess_child"]
[Result "0-1"]
[WhiteElo "2683"]
[BlackElo "2948"]
[TimeControl "180+1"]
[EndTime "8:55:01 PDT"]
[Termination "the_chess_child won on time"]

1. e4 c5 2. Nf3 e6 3. Nc3 Nc6 4. g3 d5 5. exd5 exd5 6. Bg2 d4 7.
Ne2 Nf6 8. d3 Be7 9. O-O O-O 10.
a3 Bf5 11. h3 h6 12. Bd2 a5 13. Re1 a4 14. g4 Bh7 15. Ng3 Re8 16. g5 hxg5 17.
Nxg5 Bg6 18. Qf3 Nd7 19. h4 Nde5 20. Qd5 Qxd5 21. Bxd5 Rad8 22. Bxc6 Nxc6 23. h5 Bh7 24. Nxh7 Kxh7 25. Nf5 Bf6 26. Kg2 Rxe1 27. Rxe1 Rd5 28. Ng3 b5 29. Re8 c4 30. Kf3 c3 31. Bc1 Bg5 32. Bxg5 Re5 33. Rc8 cxb2 34. Rxc6 b1=Q 35. Bf4 Qd1+ 36. Kg2 Re1 37. h6 Qg4 38.
hxg7 Qxf4 0-1

[Event "Early-Titled-Tuesday-Blitz-October-24-2023"]
[Site "Chess.com"]
[Date "2023.10.24"]
[Round "5"]
[White "Eloist"]
[Black "Dixit_Nikhil"]
[Result "0-1"]
[WhiteElo "2459"]
[BlackElo "2615"]
[TimeControl "180+1"]
[EndTime "8:55:02 PDT"]
[Termination "Dixit_Nikhil won by resignation"]

1. e4 c5 2. Nf3 a6 3. g3 Nc6 4. Bg2 d6 5. O-O e5 6. c3 h5 7. d4 cxd4 8. cxd4 Bg4 9. d5 Nd4 10.
Be3 Nxf3+ 11. Bxf3 Nf6 12. Nd2 Qd7 13. Nc4 Bxf3 14.
Qxf3 Qh3 15. Bg5 h4 16. Bxf6 hxg3 17. Qxg3 gxf6 18. Qxh3 Rxh3 19. Rac1 Rd8 20. Kg2 Rh4 21. f3 Bh6 22. Kg3 Rh5 23. Rc3 Bf4+ 24. Kf2 Rxh2+ 25. Kg1 Ke7 26. Rf2 Rg8+ 27. Kf1 Rh1+ 28. Ke2 Rgg1 29.
Nb6 Re1+ 30. Kd3 Rd1+ 31. Kc2 Rc1+ 32. Kb3 Rxc3+ 33. Kxc3 Be3 34. Nc8+ Kd7 35. Re2 Bd4+ 36. Kd3 Kxc8 0-1